 Dungeon Crawl Stone Soup version 0.30-a0-722-g3e6e8c874d (webtiles) character file.

Game seed: 15024038639304619317

51 Dittersdorf the Trooper (level 3, -1/24 HPs)
             Began as a Gargoyle Fighter on Jan 27, 2023.
             Killed from afar by Terence (15 damage)
             ... with a bolt of light
             ... on level 2 of the Dungeon.
             The game lasted 00:02:43 (910 turns).

Dittersdorf the Trooper (Gargoyle Fighter)           Turns: 910, Time: 00:02:44

Health: -1/24      AC: 12    Str: 21    XL:     3   Next: 83%
Magic:  3/3        EV:  9    Int:  8    God:
Gold:   95         SH:  0    Dex:  9    Spells: 2/2 levels left

rFire   . . .      SeeInvis .    a - +0 flail
rCold   . . .      Faith    .    c - +0 buckler
rNeg    + . .      Spirit   .    b - +0 scale mail
rPois   ∞          Reflect  .    g - +0 helmet
rElec   +          Harm     .    l - +0 cloak
rCorr   .          Rampage  .    (no gloves)
Will    .....                    (no boots) Stlth
                                 (no amulet)
HPRegen 0.24/turn                (no ring)
MPRegen 0.08/turn                (no ring)

@: confused
A: sickness immunity, AC +3, negative energy resistance 1, electricity
resistance, torment resistance 1, petrification resistance
a: no special abilities


You were on level 2 of the Dungeon.
You visited 1 branch of the dungeon, and saw 2 of its levels.

You collected 95 gold pieces.

Inventory:

Hand Weapons
 a - a +0 flail (weapon)
Armour
 b - a +0 scale mail (worn)
 c - a +0 buckler (worn)
 g - a +0 helmet (worn)
 l - a +0 cloak (worn)
Jewellery
 e - an amulet of the acrobat
Scrolls
 f - a scroll of vulnerability {unknown}
 i - a scroll of poison {unknown}
 k - a scroll of teleportation {unknown}
 n - a scroll of immolation {unknown}
 o - a scroll of identify {unknown}
 p - a scroll of summoning {unknown}
 q - a scroll of blinking {unknown}
 t - a scroll of fear {unknown}
Potions
 d - a potion of might
 h - a potion of cancellation {unknown}
 j - a potion of mutation {unknown}
 m - a potion of attraction {unknown}
 r - a potion of haste {unknown}
 s - a potion of curing {unknown}


   Skills:
 + Level 3.8 Fighting
 + Level 2.6 Maces & Flails
 + Level 3.8 Armour
 + Level 3.7 Shields


You had 2 spell levels left.
You didn't know any spells.
Your spell library was empty.

Dungeon Overview and Level Annotations

Branches:
Dungeon (2/15)

Altars:
The Shining One

Annotations:
D:2 Terence


Innate Abilities, Weirdness & Mutations

You are immune to sickness and miasma.
Your stone body is resilient. (AC +3)
You are immune to poison.
You resist negative energy. (rN+)
You are resistant to electric shocks. (rElec)
You are resistant to unholy torment.
You are immune to petrification.


Message History

Terence looks scornfully at you. Terence barely misses you.
You sock Terence!
Terence is heavily wounded.
Terence barely misses you.
You hit Terence but do no damage.
Terence is heavily wounded.
Terence closely misses you.
Terence zaps a wand.
The bolt of light hits you but does no damage.
You are confused.
You are too confused!
You are too confused!
You are too confused!
You are too confused!
You are too confused!
You are too confused!
You are too confused!
You are too confused!
You are too confused!
You are too confused!
You are too confused!
You are too confused!
You are too confused!
You are too confused!
You are too confused!
You are too confused!
You are too confused!
You are too confused!
You are too confused!
You are too confused!
You are too confused!
You are too confused!
You are too confused!
You are too confused!
You miss Terence.
Terence is heavily wounded.
Terence zaps a wand.
The bolt of light hits you!
Terence zaps a wand.
The bolt of light hits you!
Ouch! That really hurt!
You die...

......##
♣.♣♣ ...
..)....#
♣♣.♣ ♣..
.#.....#
♣..♣ ..♣
.#.....#
♣.♣♣ ..
...#...#
♣.♣♣ ♣♣.♣
......##
♣..♣ ♣..♣
......#
♣♣.♣
♣♣@.♣
....>.#
♣.♣ ♣..♣
......#
♣†♣ ♣♣@.♣
....#.#
♣.♣ ♣..♣♣
......#
♣.♣♣♣.♣♣
......#
♣...♣.♣
.....##
♣♣.)...♣
.....##
♣♣.....♣♣
......#
♣...♣♣.♣
....#.#
♣.♣♣♣♣.♣
......#
♣.♣ ♣.♣


You could see Terence.

Vanquished Creatures
  An adder (D:2)
  A worm (D:2)
  3 dart slugs
  2 ball pythons (D:1)
  An endoplasm (D:1)
  2 giant cockroaches (D:1)
  6 goblins
  2 hobgoblins
  A jackal (D:2)
  2 kobolds
  2 quokkas (D:1)
  2 bats
  2 frilled lizards
  3 rats
30 creatures vanquished.

Notes
Turn   | Place    | Note
-------+----------+-------------------------------------------
     0 | D:1      | Dittersdorf the Gargoyle Fighter began the quest for the
                  | Orb.
     0 | D:1      | Reached XP level 1. HP: 14/14 MP: 1/1
    90 | D:1      | Reached XP level 2. HP: 14/19 MP: 2/2
   402 | D:1      | Reached XP level 3. HP: 18/23 MP: 3/3
   506 | D:2      | Found a glowing golden altar of the Shining One.
   902 | D:2      | Noticed Terence
   910 | D:2      | Killed from afar by Terence

Illustrated notes

Levels and vault maps discovered:
D:1:      lightli_molten_gateway, layout_basic, moated_statue,
          minmay_misc_feat_diagonals, minmay_strange_pillars, st_stairs_10
D:2:      kb_forest_paths, layout_basic, basic_altar, eino_curves_03,
          grunt_decor_resistance, dreamdust_wishing_well, uniq_jessica,
          uniq_terence

Action                     || total
---------------------------++-------
  Melee: Flail             ||   110
 Armour: Scale mail        ||    61
  Dodge: Dodged            ||    57
  Block: Buckler           ||    32

Table legend: (Time is in decaauts)
 A = Elapsed time spent in this place.
 B = Non-inter-level travel time spent in this place.
 C = Inter-level travel time spent in this place.
 D = Time resting spent in this place.
 E = Time spent auto-exploring this place.
 F = Levels seen in this place.
 G = Mean time per level.
                   A        B        C        D        E       F      G
               +--------+--------+--------+--------+--------+-----+--------+
         Total |    947 |    913 |     34 |      5 |    606 |   2 |  473.5 |
       Dungeon |    947 |    913 |     34 |      5 |    606 |   2 |  473.5 |
               +--------+--------+--------+--------+--------+-----+--------+

Top non-repeatable levels by time:
     D:1: 488 daAuts
     D:2: 458 daAuts
